[Event "Fagernes Chess GM-Swiss 2024"]
[Site "Fagernes"]
[Date "2024.03.24"]
[Round "1.1"]
[White "Shehzad, Shazil"]
[Black "Puranik, Abhimanyu"]
[Result "1/2-1/2"]
[ECO "A45"]
[WhiteElo "2301"]
[BlackElo "2618"]
[Annotator "TA"]
[PlyCount "65"]
[EventDate "2024.03.25"]
[EventType "swiss"]
[EventCountry "NOR"]
[SourceTitle "playchess.com"]
[Source "ChessBase"]
[SourceQuality "1"]
[TimeControl "40/6000+30:2400+30"]

1. d4 Nf6 2. Bf4 b6 3. e3 Bb7 4. c4 e6 5. Nc3 Bb4 6. Nge2 Nh5 7. Qc2 O-O 8. Bg3 {[%emt 0:06:14] White has an edge.} h6 9. a3 Be7 10. d5 Nxg3 11. Nxg3 exd5 12. Nxd5 Re8 $1 13. Be2 Bf8 14. h4 d6 15. h5 Nd7 {[%emt 0:00:11][%cal Ob6b5,Bb8d7,Bd7c5,Bc5e6][%mdl 32] Black is weak on the light squares} 16. O-O a5 17. b3 b5 18. Nf5 bxc4 19. bxc4 Nc5 20. Rab1 c6 21. Nb6 {[%emt 0:02:29] A dynamic duo of knights.} Ra7 22. Bf3 Ne6 23. g3 Ra6 24. Qb2 Qg5 25. Nd4 Nxd4 26. Qxd4 (26. exd4 {simplifies} Re7 27. Rfe1 Ra7 28. Rxe7 Qxe7 29. Qb3) 26... Rd8 (26... Qd8 $14 27. Kg2 Qc7 (27... c5 28. Qb2 $16)) 27. Rfd1 {[%emt 0:02:11] White is much more active.} ({White should play} 27. Nd5 $16 Rd7 28. Nf4) 27... c5 28. Qg4 (28. Bxb7 $2 {perishes.} cxd4 29. Bxa6 dxe3 $19) 28... Qxg4 29. Bxg4 Be4 30. Rb5 Bc6 31. Rbb1 Be4 $1 32. Rb5 Bc6 {[%emt 0:00:07] [#]} 33. Rbb1 {[%emt 0:00:38] Weighted Error Value: White=0.12 (very precise) /Black=0.11 (very precise) .  Mistake:       	White=2     	Black=1      Inaccurate:     	White=3     	Black=3      OK:         	White=8     	Black=7      Best:        	White=1     	Black=1      Strong:       	---       	Black=2} (33. Nd5 $1 $16) 1/2-1/2

[Event "Fagernes Chess GM-Swiss 2024"]
[Site "Fagernes"]
[Date "2024.03.24"]
[Round "1.2"]
[White "Jumabayev, Rinat"]
[Black "Gandrud, Vegar Koi"]
[Result "1-0"]
[ECO "E60"]
[WhiteElo "2598"]
[BlackElo "2293"]
[Annotator "TA"]
[PlyCount "67"]
[EventDate "2024.03.25"]
[EventType "swiss"]
[EventCountry "NOR"]
[SourceTitle "playchess.com"]
[Source "ChessBase"]
[SourceQuality "1"]
[TimeControl "40/6000+30:2400+30"]

1. d4 Nf6 2. Nf3 g6 3. c4 Bg7 4. e3 O-O 5. Be2 c5 6. d5 d6 7. Nc3 e6 8. Nd2 exd5 9. cxd5 Re8 10. e4 $1 {[%emt 0:06:55] White has an edge.} a6 11. a4 Nbd7 12. O-O h6 13. Qc2 Nh7 14. a5 g5 (14... Bd4 $14) 15. Nc4 $16 Ne5 16. Nb6 Rb8 17. Nd1 {[%emt 0:01:06][%cal Bc3d1,Bd1e3,Be3f5][%mdl 32] White is more active.} Ng6 18. Ne3 Nf6 (18... Bd4 $16 19. Kh1 Nf6) 19. Ra4 $18 Bd7 20. Nxd7 Qxd7 (20... Nxd7 $16 {was called for.} 21. b3 Qf6) 21. Nf5 Nxd5 $2 {[%emt 0:01:09] [#] This move loses the game for Black.} (21... Bf8 $16 22. Ne3 Nf4) 22. Bg4 $1 {[%emt 0:01:57] Threatens to win with Nxh6+. White is clearly winning.} ({And not} 22. exd5 Rxe2 23. Qxe2 Qxa4 $15) 22... Nf6 {[%emt 0:05:02] [#]} 23. Nxh6+ Bxh6 24. Bxd7 Nxd7 {[%emt 0:00:03] [#]} 25. h4 $1 Nf4 (25... Nxh4 26. e5) 26. hxg5 Bxg5 27. Ra3 Kf8 28. Rg3 f6 29. Rg4 Ne6 30. f4 Bh6 {[%emt 0:01:07] [#]} 31. e5 $1 {[%emt 0:01:02] Intending Qh7 and mate.} Bg7 (31... Ke7 32. Qh7+) 32. Qh7 {[%emt 0:01:05] f5 would kill now.} Re7 33. f5 Nxe5 {[%emt 0:02:04] [#]} 34. Rxg7 $1 {[%emt 0:00:37][%mdl 512] Weighted Error Value: White=0.06 (flawless) /Black=0.52.  Loses game:     	---       	Black=1      Mistake:       	---       	Black=3      Inaccurate:     	White=1     	Black=3      OK:         	White=9     	Black=4      Best:        	White=1     	---        Strong:       	White=2     	---        Brilliant:      	White=1     	---} 1-0

[Event "Fagernes Chess GM-Swiss 2024"]
[Site "Fagernes"]
[Date "2024.03.24"]
[Round "1.3"]
[White "Melaa, Sondre"]
[Black "Sasikiran, Krishnan"]
[Result "0-1"]
[ECO "B90"]
[WhiteElo "2285"]
[BlackElo "2578"]
[Annotator "TA"]
[PlyCount "66"]
[EventDate "2024.03.25"]
[EventType "swiss"]
[EventCountry "NOR"]
[SourceTitle "playchess.com"]
[Source "ChessBase"]
[SourceQuality "1"]
[TimeControl "40/6000+30:2400+30"]

1. e4 c5 2. Nf3 d6 3. d4 cxd4 4. Nxd4 Nf6 5. Nc3 a6 6. h3 e5 7. Nf3 Be7 8. g4 Be6 9. g5 {[%emt 0:00:58] Die Stellung ist ausgeglichen.} Nfd7 10. Be3 Nb6 11. Qd2 N8d7 12. O-O-O Rc8 13. h4 Bg4 14. Be2 (14. Bxb6 $1 $11 Nxb6 15. Qd3) 14... Nc4 $15 15. Qd3 Qa5 {[%emt 0:09:23] Und jetzt ...Qb4 wäre schön.} 16. Nd2 Nxe3 (16... Nxb2 $1 $17 17. Kxb2 Qb4+ (17... Rxc3 18. Qxc3 Qxc3+ 19. Kxc3 $14) 18. Nb3 Rxc3 19. Qxc3 Qxc3+ 20. Kxc3 Bxe2) 17. Qxe3 $11 {[%emt 0:02:11] [#]} Rxc3 $1 18. bxc3 Be6 {[%emt 0:04:46] ( -> ...Qa3+)} 19. Nb3 (19. Bc4 $11 {bleibt in der Remisbreite.}) 19... Qxa2 $17 20. c4 O-O {[%emt 0:02:15][%cal Od6d5][%mdl 1024] Schwarz hat starke Kompensation.} 21. Qc3 Qa4 22. f3 (22. f4 $17 {ist eine bessere Verteidigung.} exf4 23. Rhf1) 22... Rc8 $1 $19 23. Kb2 (23. Qa5 {war einen Versuch wert.} Qc6 24. Qb4) 23... Nb6 (23... Bxc4 24. Bxc4 Nb6 (24... Qxc4 25. Qxc4 Rxc4 26. Rd3 $11) (24... Rxc4 $2 25. Qa5 $19) 25. Ra1 (25. Bxf7+ $2 Kxf7 26. Qd3 Nc4+ 27. Kc3 Ke8 $19) 25... Rxc4 (25... Nxc4+ $2 26. Kc1 $19) (25... Qxc4 26. Qxc4 Nxc4+ 27. Kc1 $19) 26. Qd2 $19) 24. Ra1 Qc6 ({Vorzuziehen ist} 24... Bxc4 $19 {Und ...Qb5 würde nun gewinnen.} 25. Bxc4 Rxc4 (25... Nxc4+ $2 26. Kc1 $19) (25... Qxc4 26. Qxc4 Nxc4+ 27. Kb1 $19)) 25. Qb4 {[%emt 0:00:09] [#]} (25. Kc1 $17) 25... Qc7 $1 (25... Bxc4 26. Na5 d5 27. Nxc6 $11) (25... Nxc4+ 26. Bxc4 Qxc4 (26... Bxc4 27. Na5 $15) 27. Qxc4 Rxc4 (27... Bxc4 28. c3 $17) 28. c3 $17) 26. Qc3 g6 27. Na5 $2 {[%emt 0:01:59] [#]} (27. Rhd1 {war nötig.}) 27... d5 $1 28. exd5 $2 {[%emt 0:01:47] [#]} (28. Rhd1) (28. Kc1 dxc4) 28... Nxd5 $1 29. Qd3 (29. Qb3 Nf4) 29... Nf4 30. Qd2 {[%emt 0:01:21] [#]} b5 $1 31. cxb5 {[%emt 0:01:56] [#]} (31. Rhb1 Nxe2) 31... Bb4 $1 32. Qxb4 (32. Qd1 Bc3+) 32... Qxc2+ (32... Nxe2 $2 {zu gefräßig.} 33. Nc6 (33. bxa6 {ist ein Selbstmatt.} Qxc2+ 34. Ka3 Rc3+) 33... Nd4 34. Rxa6 $16) 33. Ka3 Rc3+ {[%emt 0:00:14] Gewichteter Fehlerwert: Weiß=1.02/Schwarz=0.14 (sehr präzise) .  Fehler:       	Weiß=7     	Schwarz=2     Ungenau:       	Weiß=3     	Schwarz=2     OK:         	Weiß=3     	Schwarz=9     Bester:       	---       	Schwarz=2     Stark:        	---       	Schwarz=1     Brilliant:      	---       	Schwarz=2} 0-1

[Event "Fagernes Chess GM-Swiss 2024"]
[Site "Fagernes"]
[Date "2024.03.24"]
[Round "1.4"]
[White "Ganguly, Surya Shekhar"]
[Black "Daakshin Arun"]
[Result "1-0"]
[ECO "E98"]
[WhiteElo "2574"]
[BlackElo "2283"]
[Annotator "TA"]
[PlyCount "67"]
[EventDate "2024.03.25"]
[EventType "swiss"]
[EventCountry "NOR"]
[SourceTitle "playchess.com"]
[Source "ChessBase"]
[SourceQuality "1"]
[TimeControl "40/6000+30:2400+30"]

1. Nf3 Nf6 2. c4 g6 3. Nc3 Bg7 4. e4 d6 5. d4 O-O 6. Be2 e5 7. O-O Nc6 8. d5 Ne7 9. Ne1 Nd7 10. Nd3 f5 11. f3 f4 12. b4 g5 13. a4 {[%emt 0:03:01] White is more active.} h5 14. Kh1 Nf6 15. Nf2 {[%emt 0:00:17] White is slightly better.} Ng6 16. Rg1 Kf7 17. a5 g4 18. fxg4 hxg4 19. Nxg4 (19. Bxg4 $2 {is the wrong capture.} Nxg4 20. Nxg4 Qh4 $19) 19... Rh8 20. g3 fxg3 (20... Nh5 $14 {deserves consideration.} 21. Nh6+ Rxh6 22. Bxh5 Qh8) 21. Rxg3 $16 {[%emt 0:00:34] Nxf6 is the strong threat.} Nf4 {[%emt 0:01:23] Threatens to win with ...Nxg4.} 22. Qg1 $36 {[%emt 0:14:56][%cal Og4e5][%mdl 2048] And now Nxe5+! would win. White is in control.} N6h5 {[%emt 0:06:59] [#]} (22... Bxg4 $16 23. Bxg4 Nxg4 24. Rxg4 Qf6) 23. Bxf4 $1 $18 Nxf4 24. Rf1 Bd7 $2 (24... Rh7 25. c5 Kg8) 25. c5 Qh4 26. Bb5 Bxg4 27. Rxg4 Qf6 28. Bd7 $2 (28. cxd6 $18 cxd6 29. Ne2) 28... Bh6 $2 {[%emt 0:00:52][%mdl 8192] [#] This move loses the game for Black.} (28... Rxh2+ $16 29. Qxh2 Rh8) 29. Be6+ $1 {[%emt 0:00:34][%mdl 512] White is clearly winning.} Ke7 (29... Ke8 30. Nb5) 30. Nb5 Bg5 31. Rxg5 Rxh2+ 32. Qxh2 Rh8 {[%emt 0:00:35] [#] Prevents Qh7+} 33. Rh5 $3 Rxh5 34. Qxh5 {[%emt 0:00:06] Weighted Error Value: White=0.39/Black=0.40.  Loses game:     	---       	Black=1      Missed win:     	White=1     	---        Mistake:       	---       	Black=3      Inaccurate:     	White=1     	Black=2      OK:         	White=8     	Black=4      Best:        	---       	Black=2      Strong:       	White=1     	---} 1-0

[Event "Fagernes Chess GM-Swiss 2024"]
[Site "Fagernes"]
[Date "2024.03.24"]
[Round "1.5"]
[White "Al-Tarboush, Ward"]
[Black "Amar, Elham"]
[Result "0-1"]
[ECO "B70"]
[WhiteElo "2277"]
[BlackElo "2567"]
[Annotator "TA"]
[PlyCount "100"]
[EventDate "2024.03.25"]
[EventType "swiss"]
[EventCountry "NOR"]
[SourceTitle "playchess.com"]
[Source "ChessBase"]
[SourceQuality "1"]
[TimeControl "40/6000+30:2400+30"]

1. e4 c5 2. Nf3 d6 3. d4 cxd4 4. Nxd4 Nf6 5. Nc3 g6 6. Be2 Bg7 7. O-O O-O 8. Be3 Nc6 9. h3 Bd7 10. Qd2 Rc8 11. Rad1 Nxd4 12. Bxd4 Bc6 13. Qe3 (13. Bxa7 b6 14. Qe3 Nd7 $17) 13... Qc7 {[%emt 0:02:43] The position is equal.} 14. f4 ({Much weaker is} 14. Bxa7 Nd7 15. Bg4 (15. Bd4 $2 e5 $19) 15... e6 $17) 14... b6 {[%emt 0:01:00] [#] ...e5 would now be deadly.} 15. e5 dxe5 16. fxe5 (16. Bxe5 $5 Qb7 $8 17. Rf2 $11) 16... Nd5 17. Nxd5 Bxd5 18. Bg4 (18. Rd2 {simplifies} Qc6 19. Bd3 Bc4 20. Bxc4 Qxc4 21. b3) 18... Rcd8 (18... e6 {simplifies} 19. Rd2 h5 20. Bf3 Rcd8) 19. e6 (19. Qc3 $11 {keeps the balance.} Qb7 20. Rf2) 19... f5 $17 ({Reject} 19... Bxa2 $6 20. Bxg7 Rxd1 21. Rxd1 $11) 20. Bxg7 Kxg7 21. Rd3 Qxc2 (21... Bc4 $142 22. Rxd8 Rxd8) 22. Qe5+ Rf6 {[%emt 0:00:21][%csl Gd5][%cal Rc2g2] [#] Chess con chili.} 23. Rxd5 Rxd5 24. Qxd5 fxg4 25. Rxf6 Kxf6 {[%emt 0:00:04][%mdl 4096] Endgame. KQ-KQ} 26. Qd4+ Kxe6 {[%emt 0:00:05] And now ...gxh3 would win.} 27. Qxg4+ Kf7 28. Qf4+ Qf5 29. Qc4+ Kg7 30. b4 {[%emt 0:00:40] Against Qc5+} e5 (30... h5 $17) 31. Qc7+ $15 Kh6 32. Qe7 {[%emt 0:00:22] Inhibits Qf6.} Qf4 33. Qc7 (33. Qxa7 $11 {remains equal.} Qxb4 34. Qc7) 33... Qxb4 $17 {[%emt 0:00:54] ...Qc5+ is the strong threat.} 34. Qxa7 e4 (34... Qc5+ $17 35. Kf1 Qc4+ 36. Kf2 Qf4+ 37. Ke2 Qb4) 35. Qf7 $2 {[%emt 0:00:42][%mdl 8192] This costs White the game.} (35. Qc7 $1 $15) 35... Qc5+ 36. Kh1 (36. Kh2 {is a better defense.} Qe5+ 37. g3) 36... e3 $19 37. Qf4+ Kg7 38. Qe4 Kf6 {[%emt 0:00:14] Inhibits Qe6+.} 39. Qf4+ Ke6 40. Qe4+ Kd6 41. Qf4+ Kd5 {[%emt 0:43:09] Strongly threatening ...Qd4.} 42. Qf3+ Kd4 43. Qd1+ Ke5 44. Qd3 {[%emt 0:00:00] Prevents Qc4} (44. Qe2) 44... Qd4 45. Qb5+ Kd6 {[%emt 0:00:00] ( -> ...Qa1+)} 46. Qe2 Qd2 {[%emt 0:00:00] Black mates.} 47. Qb5 e2 ({Weaker is} 47... Qxa2 48. Qxb6+ Ke5 49. Qxe3+ Kf6 50. Qc3+ Kf7 51. h4 $11) 48. Qxb6+ Ke7 49. Qc7+ Kf6 50. Qc5 e1=Q+ {[%emt 0:00:00] Weighted Error Value: White=0.56/Black=0.08 (flawless) .  Loses game:     	White=1     	---        Mistake:       	White=5     	Black=3      Inaccurate:     	White=1     	Black=1      OK:         	White=11    	Black=16     Best:        	White=5     	Black=7} 0-1

[Event "Fagernes Chess GM-Swiss 2024"]
[Site "Fagernes"]
[Date "2024.03.24"]
[Round "1.6"]
[White "Gorshtein, Ido"]
[Black "Krishnan, Ritvik"]
[Result "1-0"]
[ECO "A30"]
[WhiteElo "2539"]
[BlackElo "2277"]
[Annotator "TA"]
[PlyCount "120"]
[EventDate "2024.03.25"]
[EventType "swiss"]
[EventCountry "NOR"]
[SourceTitle "playchess.com"]
[Source "ChessBase"]
[SourceQuality "1"]
[TimeControl "40/6000+30:2400+30"]

1. c4 c5 2. Nf3 Nc6 3. Nc3 g6 4. e3 Nf6 5. d4 cxd4 6. exd4 d5 7. cxd5 Nxd5 8. Qb3 Nxc3 9. Bc4 Nd5 10. Bxd5 e6 11. Bxc6+ bxc6 12. O-O Qd5 13. Qxd5 cxd5 14. Bf4 f6 {[%emt 0:12:34] Die Stellung ist ausgeglichen.} 15. Rfc1 g5 16. Bg3 Be7 17. Nd2 Bd7 18. Nb3 Bd8 19. Bc7 Ke7 20. Bxd8+ Rhxd8 21. Rc3 h5 22. Nc5 Rdc8 23. Re1 Rc6 24. h4 g4 25. Re2 Rac8 26. b4 Rb6 27. Ra3 Rc7 28. Rb3 Kd6 (28... Bb5 $11 29. Re1 Kf7) 29. Rbe3 {[%emt 0:04:28][%cal Re3e6] Droht Matt per Rxe6+.} Ke7 30. a3 Kf7 31. f4 Bc8 (31... Kg6 $14) 32. Kf2 (32. Rb2 $16) 32... Kg6 (32... a5 $1 $14) 33. g3 (33. Nxe6 Bxe6 34. Rxe6 Rxe6 35. Rxe6 Kf5 $17) (33. Rb2 $1 $16) 33... Kf5 (33... Rb5 $14) 34. Rb2 $1 $16 a6 35. Ke1 Bd7 36. Kd2 {[%emt 0:01:04] Weiß steht deutlich aktiver.} Bb5 37. a4 Bc4 38. Kc3 Rc8 39. Rb1 Rcc6 {[%emt 0:01:19] [#]} (39... Ra8 $14) 40. Rbe1 (40. b5 $1 $18 axb5 41. a5 Rxc5 (41... Rb8 42. Kb4 $16) 42. dxc5 (42. axb6 Rc6 $11)) 40... Rd6 $14 41. Rb1 (41. Rc1 $14) 41... Rd8 {[%emt 0:43:13] [#]} (41... Rdc6 $1 $11 {bleibt in der Remisbreite.}) 42. Ree1 (42. b5 $1 $16 axb5 43. a5) 42... Ra8 43. Rb2 Ra7 44. Ra1 Ra8 45. b5 axb5 46. a5 Rc6 47. Kb4 {[%emt 0:00:00][%mdl 1024] Weiss hat Kompensation.} Ra7 ({Vorzuziehen ist} 47... Rc7 $1 $14) 48. Re1 (48. Rbb1 $142) 48... Rd6 ({Günstiger ist} 48... Rc8) 49. Rbb1 $16 Rc6 50. Ra1 ({Besser ist} 50. Re3 $16) 50... Rd6 $2 {[%emt 0:00:00][%mdl 8192] Danach kann Schwarz die Partie nicht mehr halten.} (50... Ra8 $14) 51. Ra3 {[%emt 0:00:00] Und jetzt Rae3 wäre schön.} Rc6 52. Rae3 Kg6 $2 (52... Rxc5 53. dxc5 (53. Kxc5 Rxa5 54. Rxe6 b4+ 55. Kxb4 Rb5+ 56. Ka4 Rb2 $16) 53... Ra6) 53. Rxe6 $18 Rxe6 54. Rxe6 {[%emt 0:00:00][%mdl 4096] Endspiel. KRB-KRN} Kf5 55. Re8 Rg7 56. a6 {Weiß setzt Matt.} Ra7 57. Ka5 b4 58. Kb6 Rxa6+ 59. Nxa6 b3 60. Re1 b2 {Gewichteter Fehlerwert: Weiß=0.20 (präzise) /Schwarz=0.47.  Verlustzug:     	---       	Schwarz=1     Fehler:       	Weiß=7     	Schwarz=9     Ungenau:       	Weiß=6     	Schwarz=4     OK:         	Weiß=11    	Schwarz=13    Bester:       	Weiß=3     	Schwarz=3     Stark:        	Weiß=1     	---} 1-0

[Event "Fagernes Chess GM-Swiss 2024"]
[Site "Fagernes"]
[Date "2024.03.24"]
[Round "1.7"]
[White "Moreby, James"]
[Black "Urkedal, Frode Olav Olsen"]
[Result "0-1"]
[ECO "B90"]
[WhiteElo "2260"]
[BlackElo "2536"]
[Annotator "TA"]
[PlyCount "92"]
[EventDate "2024.03.25"]
[EventType "swiss"]
[EventCountry "NOR"]
[SourceTitle "playchess.com"]
[Source "ChessBase"]
[SourceQuality "1"]
[TimeControl "40/6000+30:2400+30"]

1. e4 c5 2. Nf3 d6 3. d4 cxd4 4. Nxd4 Nf6 5. Nc3 a6 6. Be3 e5 7. Nb3 Be6 8. f3 h5 9. Qd2 Nbd7 10. a4 Be7 11. Be2 O-O 12. a5 b5 {[%emt 0:04:03] The position is equal.} 13. Nd5 Nxd5 14. exd5 Bf5 15. O-O Bg6 16. Nc1 Nf6 ({Black should play} 16... f5 $11) 17. Na2 $14 h4 18. Nb4 Qd7 19. c4 bxc4 20. Bxc4 h3 21. g3 (21. Bxa6 hxg2 22. Rfc1 (22. Qxg2 Rxa6 23. Nxa6 Qb7 $17) (22. Kxg2 Bd8 $17) 22... Bd8 $15) (21. Nxa6 Rfc8 22. Rfc1 Rxc4 23. Rxc4 Rxa6 $17) 21... e4 22. f4 $1 (22. Nxa6 $2 {perishes.} Qc8 23. Rfc1 (23. Qe2 $2 exf3 24. Rxf3 Bh5 $19) 23... Rxa6 $17 (23... exf3 24. Bf1 $17)) (22. Bxa6 Bd8 (22... exf3 23. Bd3 $15) 23. Bb6 exf3 $17) 22... Ng4 23. Nc6 Bf6 24. Rab1 Rfc8 (24... Bh5 $11) 25. Rfc1 (25. b4 $16) 25... Qf5 26. Re1 Nxe3 27. Rxe3 Bh5 28. b4 Bf3 29. Rc1 g5 30. Rxf3 exf3 31. Bd3 {[%emt 0:00:09] Prevents Qe4} Qg4 (31... Qxd5 $2 {loses.} 32. Bh7+ Kxh7 33. Qxd5 $18) 32. Rc4 Qh5 {[%emt 0:11:10] And now ...Re8 would win.} 33. Qf2 $2 {[%emt 0:03:17][%mdl 8192] Loses the game.} ({Better is} 33. f5 $1 $15) 33... g4 $19 34. Be4 Kg7 35. Qd2 Rab8 36. Qd3 Rb5 37. Na7 Rxc4 38. Qxc4 Rb8 {[%emt 0:00:28] [#] White must now prevent ...Qh8.} 39. Nc6 $2 (39. Nc8 Qh8 40. Nxd6) 39... Re8 {[%emt 0:00:22] Black is clearly winning.} 40. Kf1 Ba1 41. Bd3 Qh6 {[%emt 0:07:36] ...Qf6 is the strong threat.} 42. b5 axb5 43. Qxb5 Qf6 {[%emt 0:03:50] [#] ( -> ...Qc3)} 44. Qb3 Bc3 45. a6 Re1+ 46. Kf2 Rh1 {[%emt 0:03:07] Weighted Error Value: White=0.95/Black=0.08 (flawless) .  Loses game:     	White=1     	---        Mistake:       	White=2     	Black=2      Inaccurate:     	White=5     	Black=1      OK:         	White=9     	Black=15     Best:        	---       	Black=2      Strong:       	White=1     	---} 0-1

[Event "Fagernes Chess GM-Swiss 2024"]
[Site "Fagernes"]
[Date "2024.03.24"]
[Round "1.8"]
[White "Kulaots, Kaido"]
[Black "Lindh, Fredrik"]
[Result "1-0"]
[ECO "A15"]
[WhiteElo "2534"]
[BlackElo "2256"]
[Annotator "TA"]
[PlyCount "71"]
[EventDate "2024.03.25"]
[EventType "swiss"]
[EventCountry "NOR"]
[SourceTitle "playchess.com"]
[Source "ChessBase"]
[SourceQuality "1"]
[TimeControl "40/6000+30:2400+30"]

1. Nf3 Nf6 2. c4 c6 3. d4 d5 4. Qb3 dxc4 5. Qxc4 Bf5 6. g3 e6 7. Bg2 Be7 8. O-O O-O 9. Nc3 Nbd7 10. Qb3 Qb6 11. Re1 Ne4 12. Nh4 Bxh4 (12... Qxd4 $2 {loses.} 13. Nxe4 (13. Qxb7 $2 Qxf2+ 14. Kh1 Qxe1+) (13. Be3 Qb4 $18) 13... Bxe4 14. Rd1 $18 (14. Qxb7 Rfb8 $11)) 13. gxh4 {[%emt 0:03:33] [#] Qxb6 would now be deadly.} Nxc3 (13... Qxd4 $2 {too greedy.} 14. Nxe4 Bxe4 15. Rd1 $18 (15. Qxb7 Bxg2 16. Kxg2 Ne5 $17)) 14. bxc3 {[%emt 0:18:29] The position is equal.} e5 15. e4 Be6 16. Qd1 Rfd8 17. a4 Nc5 18. Be3 Qa5 19. d5 cxd5 20. exd5 e4 (20... f6 $11) 21. c4 $16 {[%emt 0:01:04] White stays focused until the end.} Bf5 22. Bxc5 Qxc5 23. Bxe4 Bxe4 24. Rxe4 Rd6 25. Qe2 Rg6+ 26. Kh1 Rf8 27. h5 Rf6 28. Kg2 Rf5 29. Rb1 b6 30. Rb3 {[%emt 0:00:19] Against Qa3} g6 $2 (30... h6 {might work better.} 31. Rg3 Kh8) 31. h6 $18 Rh5 32. Rh3 Rxh3 (32... Rf5 $142 33. Rhe3 Rg5+ 34. Rg3 Rf5) 33. Kxh3 {[%emt 0:00:04] White is clearly winning.} Qc8+ 34. Kg2 Qd8 (34... Qc5 $142 35. Qf3 f6) 35. Re7 {[%emt 0:01:23][%cal Oe2e5] [#] White threatens Qe5! and mate.} Qc8 36. Qe4 {[%emt 0:00:49] Weighted Error Value: White=0.01 (flawless) /Black=0.34.  Mistake:       	---       	Black=4      Inaccurate:     	---       	Black=3      OK:         	White=12    	Black=9      Best:        	White=4     	---} 1-0

[Event "Fagernes Chess GM-Swiss 2024"]
[Site "Fagernes"]
[Date "2024.03.24"]
[Round "1.9"]
[White "Rasmussen, Casper"]
[Black "Raja Rithvik R"]
[Result "0-1"]
[ECO "E04"]
[WhiteElo "2244"]
[BlackElo "2532"]
[Annotator "TA"]
[PlyCount "78"]
[EventDate "2024.03.25"]
[EventType "swiss"]
[EventCountry "NOR"]
[SourceTitle "playchess.com"]
[Source "ChessBase"]
[SourceQuality "1"]
[TimeControl "40/6000+30:2400+30"]

1. d4 Nf6 2. Nf3 d5 3. c4 e6 4. g3 dxc4 5. Bg2 c6 6. Ne5 Bb4+ 7. Nc3 Nd5 8. O-O Nxc3 9. bxc3 {[%emt 0:00:09] The position is equal.} Bxc3 {[%emt 0:00:04] [#]} 10. Nxc4 $1 {[%emt 0:00:31][%cal Oc1a3,Be5c4,Bc4b2,Bb2d3,Bd3c5][%mdl 32] Threatens to win with Ba3!} b5 (10... Bxa1 $5 11. Ba3 $8 f6 $17 (11... Bxd4 $2 {loses.} 12. Nd6+ Kd7 13. Qxd4 $18)) 11. Bb2 Bxb2 12. Nxb2 a5 13. e3 O-O 14. Nd3 {[%emt 0:01:47][%mdl 1024] White has compensation.} Qd6 15. Qc2 Bd7 16. Rfc1 Rc8 17. Qc5 Qxc5 18. Nxc5 Ra7 19. Rab1 Be8 20. Rb2 Kf8 21. f4 Ke7 22. Kf2 Nd7 23. Nxd7 Bxd7 ({Don't do} 23... Kxd7 24. Rbc2 $17) 24. Rc5 Ra6 25. Be4 Rb8 26. Ke2 f6 27. Kd3 h6 28. h4 Kd6 29. g4 Re8 30. Rg2 e5 31. g5 {[%emt 0:01:21] This costs White the game.} (31. Rgc2 $15) 31... exd4 $19 32. exd4 {[%emt 0:00:02] [#]} Be6 $1 {[%emt 0:00:39] aiming for ...Bc4+.} 33. Bf3 (33. gxf6 $142 gxf6 (33... Bc4+ 34. Ke3 $14) 34. Bf5 Bc4+ 35. Kc2) 33... Bc4+ 34. Kd2 Bxa2 35. gxh6 gxh6 {[%emt 0:00:02] And now ...a4 would win.} 36. Rg6 Rf8 37. Rxh6 $2 (37. Rf5 Ke7 38. Bxc6) 37... a4 {[%emt 0:00:22] ...a3 is the strong threat. Black is clearly winning.} 38. Kc3 (38. Rg6 $142) 38... a3 {[%emt 0:00:30] White must now prevent ...Bb1.} 39. Rg6 Bb1 {[%emt 0:00:19] Weighted Error Value: White=0.63/Black=0.06 (flawless) .  Mistake:       	White=4     	---        Inaccurate:     	White=3     	Black=1      OK:         	White=9     	Black=14     Best:        	---       	Black=2      Strong:       	---       	Black=1} 0-1